Unix NetHack Version 3.7.0-51 Work-in-progress - last build Mar 5 2022 15:52:53 (3e130be0c1ddd05abc82209e6fa801a07eef1cd3,branch:master). Game began 2022-03-05 20:15:37, ended 2022-03-05 21:03:42. Gandelf, neutral male human Monk -------------------------- |>......q@............^^Y| |.......----------------.| -------.------ |.| |...........| |.| |0.0.......0| |.| --------.----| |.| |............| |.| |.0...%......| |.| -----.-------- ------|.| |..........| --|.....|.| |..........| |.+.....|.| |.........-- |-|.....|.| -------.---- |.+.....+.| |........| |-|.....|-- |........| |.+.....| |...------ --|.....| ----- ------- Gandelf the Initiate St:18/06 Dx:17 Co:12 In:7 Wi:12 Ch:7 Neutral S:4038 Dlvl:3 $:66 HP:0(47) Pw:30(30) AC:3 Xp:7/913 T:4828 Burdened Latest messages: With great effort you move the boulder. You hear a sound reminiscent of an elephant stepping on a peanut. With great effort you move the boulder. The boulder falls into and plugs a hole in the floor! With great effort you move the boulder. With great effort you move the boulder. You see here a giant mimic corpse. With great effort you move the boulder. You try to move the boulder, but in vain. You hear a sound reminiscent of an elephant stepping on a peanut. You try to move the boulder, but in vain. With great effort you move the boulder. The boulder falls into and plugs a hole in the floor! With great effort you move the boulder. With great effort you move the boulder. With great effort you move the boulder. With great effort you move the boulder. You try to move the boulder, but in vain. With great effort you move the boulder. The boulder falls into and plugs a hole in the floor! With great effort you move the boulder. You see here a giant mimic corpse. With great effort you move the boulder. With great effort you move the boulder. With great effort you move the boulder. With great effort you move the boulder. The boulder falls into and plugs a hole in the floor! With great effort you move the boulder. With great effort you move the boulder. You try to move the boulder, but in vain. With great effort you move the boulder. You hit the cockatrice! You hit the cockatrice! The cockatrice bites! The cockatrice just misses! You kill the cockatrice! With great effort you move the boulder. With great effort you move the boulder. The boulder falls into and plugs a hole in the floor! You hit the leocrotta! The leocrotta hits! The leocrotta just misses! The leocrotta hits! You hit the leocrotta! The leocrotta hits! The leocrotta bites! The leocrotta hits! The leocrotta hits! You die... Do you want your possessions identified? [ynq] (y) q Major events: Turn 1: Gandelf the neutral male human Monk entered the dungeon 944: attained the rank of Novice (level 3) 2339: entered Sokoban 2594: completed sokoban 1 2736: attained the rank of Initiate (level 6) 3471: completed sokoban 2 3985: completed sokoban 3 4828: killed by a leocrotta Inventory: Coins $ - 66 gold pieces Amulets K - an uncursed amulet of flying H - an uncursed amulet of life saving Weapons o - 5 +0 silver arrows F - a +0 mace Armor q - an uncursed +2 pair of leather gloves (being worn) R - a cursed +0 pair of iron shoes (being worn) V - an uncursed +0 elven shield S - an uncursed +0 dwarvish cloak m - an uncursed +0 mummy wrapping b - an uncursed rotted +1 robe (being worn) Comestibles G - 3 uncursed slime molds g - 5 uncursed apples f - 4 uncursed food rations Y - 6 uncursed food rations i - 4 uncursed fortune cookies E - an uncursed fortune cookie h - 4 uncursed oranges B - 2 uncursed tripe rations Scrolls l - an uncursed scroll of charging T - 2 blessed scrolls of earth d - a blessed scroll of gold detection W - an uncursed scroll of light O - an uncursed scroll of remove curse Spellbooks c - a blessed spellbook of confuse monster y - an uncursed spellbook of haste self (at the ready) A - an uncursed spellbook of stone to flesh Potions e - 3 uncursed potions of water n - an uncursed potion of water p - an uncursed potion of water Q - an uncursed potion of water Rings L - a cursed ring of fire resistance U - a cursed ring of poison resistance z - a cursed ring of polymorph Wands J - a wand of cold (0:4) C - a wand of create monster (0:12) Z - a wand of lightning (0:7) k - a wand of opening (0:4) Tools P - a bag of tricks (0:20) s - a bag of tricks (0:6) M - an uncursed blindfold t - an uncursed leash v - an uncursed lock pick u - an uncursed magic lamp j - a magic marker (0:84) a - an uncursed magic whistle X - an uncursed mirror D - an uncursed stethoscope r - an uncursed tin opener I - an uncursed tin whistle Gems/Stones w - an uncursed worthless piece of black glass N - an uncursed worthless piece of white glass Gandelf the Monk's attributes: Background: You were an Initiate, a level 7 male human Monk. You were neutral, on a mission for Chih Sung-tzu who was opposed by Shan Lai Ching (lawful) and Huan Ti (chaotic). You were in Sokoban, on level 3. You entered the dungeon 4828 turns ago. There was a new moon in effect when your adventure ended. You had 913 experience points, 367 more were needed to attain level 8. Your score was 4038 before end-of-game adjustments. Basics: You had 0 out of 47 hit points. You had all 30 energy points (spell power). Your armor class was 3. Your wallet contained 66 zorkmids. Autopickup was off. Final Characteristics: Your strength was 18/06 (limit:18/100). Your dexterity was 17 (limit:18). Your constitution was 12 (limit:18). Your intelligence was 7 (limit:18). Your wisdom was 12 (limit:18). Your charisma was 7 (limit:18). Final Status: You were not hungry. You were burdened; movement was slightly slowed. You were empty handed. You had basic skill with martial arts and could have enhanced that. Final Attributes: You were piously aligned. You were sleep resistant. You were poison resistant. You saw invisible. You were warned. You were stealthy. You were guarded. You were fast. You are dead. Miscellaneous: You never encountered a bones level. Total elapsed playing time was 47 minutes and 10 seconds. Vanquished creatures: a giant mimic a giant beetle a cockatrice a leprechaun a brown pudding an owlbear a jaguar a dust vortex a gnome mummy 2 human zombies a bugbear 2 wood nymphs a mountain nymph a rock piercer a gnome leader a kobold mummy 3 elf zombies a floating eye a dwarf 3 rothes 2 rabid rats a giant bat a dwarf zombie 2 iguanas a gas spore a hobbit a hobgoblin 3 giant rats 6 cave spiders 2 green molds 2 gnomes a gnome zombie 5 geckos a jackal 2 kobolds 2 goblins a sewer rat 5 grid bugs 4 lichens a kobold zombie 5 newts 75 creatures vanquished. No species were genocided or became extinct. Voluntary challenges: You followed a strict vegan diet. You never hit with a wielded weapon. You were illiterate. You never engraved Elbereth. You never genocided any monsters. You never polymorphed an object. You never changed form. You used no wishes. You did not violate any of the special Sokoban rules. Achievements: You entered a shop. You attained the rank of Novice. You entered Sokoban. You attained the rank of Initiate. The Dungeons of Doom: levels 1 to 7 Level 1: Level 2: A shop. Level 3: A fountain. Level 4: Some fountains. Level 5: Some fountains. Level 6: Many fountains. Level 7: Stairs up to Sokoban, level 6. Sokoban: levels 6 up to 3 Level 3: <- You were here. Unsolved. Final resting place for you, killed by a leocrotta. Level 4: Solved. Level 5: Solved. Level 6: Solved. Game over: ---------- / \ / REST \ / IN \ / PEACE \ / \ | Gandelf | | 66 Au | | killed by a | | leocrotta | | | | | | 2022 | *| * * * | * _________)/\\_//(\/(/\)/\//\/|_)_______ Goodbye Gandelf the Monk... You died in Sokoban on dungeon level 3 with 4032 points, and 66 pieces of gold, after 4828 moves. You were level 7 with a maximum of 47 hit points when you died.